| TOP OF THE 1ST |
|
Toledo Mud Hens batting - Pitching for Salt Lake Bees : RHP Dave Jackson
|
|
Pitching: RHP Dave Jackson
|
|
|
Batting: RHB Sam Saunders
|
0-0: Called Strike 0-1: Ball 1-1: Foul Ball, location: 2F 1-2: Ball 2-2: Ball 3-2: Ground out 6-3 (Groundball, 6, EV 80.6 MPH)
|
|
Batting: RHB Willis Morales
|
0-0: Ball 1-0: Foul Ball, location: 2F 1-1: Ball 2-1: Swinging Strike 2-2: Strikes out looking
|
|
Batting: RHB Michel Martineau
|
0-0: Ball 1-0: Called Strike 1-1: Foul Ball, location: 2F 1-2: Ball 2-2: Ball 3-2: Foul Ball, location: 2F 3-2: Foul Ball, location: 2F 3-2: Ground out 4-3 (Groundball, 4S, EV 90.6 MPH)
|
| Top of the 1st over - 0 runs, 0 hits, 0 errors, 0 left on base; Toledo 0 - Salt Lake 0 |
| BOTTOM OF THE 1ST |
|
Salt Lake Bees batting - Pitching for Toledo Mud Hens : RHP Ramiro Silva
|
|
Pitching: RHP Ramiro Silva
|
|
|
Batting: RHB Kian-tat Chen
|
0-0: Called Strike 0-1: Called Strike 0-2: Ball 1-2: Ball 2-2: Ball 3-2: Foul Ball, location: 2F 3-2: Foul Ball, location: 2F 3-2: Base on Balls
|
|
Batting: LHB Brett Bugge
|
0-0: Ball Kian-tat Chen steals 2nd base (no throw) 1-0: SINGLE (Groundball, 56D, EV 96.2 MPH) Kian-tat Chen to third Runner from 3rd tries for Home, SAFE, throw by LF to home
|
|
Batting: SHB Mario Padron
|
0-0: Called Strike 0-1: Ball 1-1: Swinging Strike 1-2: Ball 2-2: Ball 3-2: Strikes out swinging
|
|
Batting: RHB Ryuji Ito
|
0-0: Fly out, F9 (Flyball, 89D, EV 93.8 MPH)
|
|
Batting: RHB Jimmy Buzard
|
0-0: Ball 1-0: Foul Ball, location: 2F 1-1: Swinging Strike 1-2: Ball 2-2: Strikes out looking
|
| Bottom of the 1st over - 1 run, 1 hit, 0 errors, 1 left on base; Toledo 0 - Salt Lake 1 |
| TOP OF THE 2ND |
|
Toledo Mud Hens batting - Pitching for Salt Lake Bees : RHP Dave Jackson
|
|
Batting: RHB Sergio Zamora
|
0-0: Ball 1-0: Ball 2-0: Foul Ball, location: 2F 2-1: Called Strike 2-2: Ball 3-2: SOLO HOME RUN (Flyball, 7D, EV 91.2 MPH) (Inside the Park)
|
|
Batting: RHB Eric Garrett
|
0-0: Fly out, F4 (Popup, 23, EV 88.1 MPH)
|
|
Batting: RHB Tony Soto
|
0-0: Ball 1-0: SINGLE (Line Drive, 9S, EV 101.2 MPH)
|
|
Batting: RHB Adam MacConnell
|
0-0: Ball 1-0: Fly out, F9 (Flyball, 9LM, EV 78.1 MPH)
|
|
Batting: RHB Carlos Armenteros
|
0-0: Ground out 4-3 (Groundball, 4, EV 108.8 MPH)
|
| Top of the 2nd over - 1 run, 2 hits, 0 errors, 1 left on base; Toledo 1 - Salt Lake 1 |
| BOTTOM OF THE 2ND |
|
Salt Lake Bees batting - Pitching for Toledo Mud Hens : RHP Ramiro Silva
|
|
Batting: RHB Brandon Davis
|
0-0: Ball 1-0: Foul Ball, location: 2F 1-1: Ball 2-1: Ball 3-1: DOUBLE (Line Drive, 9LM, EV 101.9 MPH)
|
|
Batting: RHB Josh Faulconer
|
0-0: Ball 1-0: Called Strike 1-1: Foul Ball, location: 2F 1-2: Ball 2-2: Foul Ball, location: 2F 2-2: Foul Ball, location: 2F 2-2: Strikes out swinging
|
|
Batting: RHB Timoleon Tsikouna
|
0-0: Called Strike 0-1: Foul Ball, location: 2F 0-2: Fly out, F4 (Flyball, 4MD, EV 87.5 MPH)
|
|
Batting: LHB Larry Prey
|
0-0: Foul Ball, location: 2F 0-1: Fly out, F6 (Line Drive, 6, EV 72.5 MPH)
|
| Bottom of the 2nd over - 0 runs, 1 hit, 0 errors, 1 left on base; Toledo 1 - Salt Lake 1 |
| TOP OF THE 3RD |
|
Toledo Mud Hens batting - Pitching for Salt Lake Bees : RHP Dave Jackson
|
|
Batting: SHB Scott Bartholomew
|
0-0: Ball 1-0: Foul Ball, location: 2F 1-1: Fly out, F2 (Popup, 2RF, EV 85.6 MPH)
|
|
Batting: RHB Sam Saunders
|
0-0: Ball 1-0: Ball 2-0: Ball 3-0: Called Strike 3-1: Called Strike 3-2: Foul Ball, location: 2F 3-2: Foul Ball, location: 2F 3-2: Base on Balls
|
|
Batting: RHB Willis Morales
|
0-0: Ball 1-0: Ball 2-0: Ball 3-0: Called Strike 3-1: Base on Balls Sam Saunders to second
|
|
Batting: RHB Michel Martineau
|
0-0: Called Strike 0-1: Ball 1-1: Foul Ball, location: 2F 1-2: Ball 2-2: Ball 3-2: Ground out 6-3 (Groundball, 6S, EV 69.4 MPH) Sam Saunders to third Willis Morales to second
|
|
Batting: RHB Sergio Zamora
|
0-0: Ball 1-0: Ball 2-0: Called Strike 2-1: Swinging Strike 2-2: Strikes out swinging
|
| Top of the 3rd over - 0 runs, 0 hits, 0 errors, 2 left on base; Toledo 1 - Salt Lake 1 |
| BOTTOM OF THE 3RD |
|
Salt Lake Bees batting - Pitching for Toledo Mud Hens : RHP Ramiro Silva
|
|
Batting: RHB Kian-tat Chen
|
0-0: Ball 1-0: Swinging Strike 1-1: Called Strike 1-2: Ball 2-2: Ball 3-2: Foul Ball, location: 2F 3-2: Base on Balls
|
|
Batting: LHB Brett Bugge
|
0-0: Called Strike 0-1: Ball 1-1: Called Strike 1-2: Strikes out swinging
|
|
Batting: SHB Mario Padron
|
0-0: Ball 1-0: Ball Kian-tat Chen steals 2nd base (no throw) 2-0: Foul Ball, location: 2F 2-1: 2-RUN HOME RUN (Flyball, 89XD, EV 104.4 MPH), Distance : 395 ft
|
|
Batting: RHB Ryuji Ito
|
0-0: Ball 1-0: Ball 2-0: Ground out 4-3 (Groundball, 4, EV 90.6 MPH)
|
|
Batting: RHB Jimmy Buzard
|
0-0: Ball 1-0: Ball 2-0: Called Strike 2-1: Swinging Strike 2-2: Ball 3-2: Fly out, F8 (Flyball, 8LD, EV 92.5 MPH)
|
| Bottom of the 3rd over - 2 runs, 1 hit, 0 errors, 0 left on base; Toledo 1 - Salt Lake 3 |
| TOP OF THE 4TH |
|
Toledo Mud Hens batting - Pitching for Salt Lake Bees : RHP Dave Jackson
|
|
Batting: RHB Eric Garrett
|
0-0: Ball 1-0: Called Strike 1-1: Foul Ball, location: 2F 1-2: Foul Ball, location: 2F 1-2: Ball 2-2: Ground out 4-3 (Groundball, 4, EV 81.9 MPH)
|
|
Batting: RHB Tony Soto
|
0-0: Called Strike 0-1: Ball 1-1: Ball 2-1: Foul Ball, location: 2F 2-2: Ball 3-2: Foul Ball, location: 2F 3-2: SINGLE (Line Drive, 6D, EV 96.2 MPH)
|
|
Batting: RHB Adam MacConnell
|
0-0: Ball 1-0: Called Strike 1-1: Foul Ball, location: 2F 1-2: Fielders Choice at 2nd, 1-6 (Groundball, 13S, EV 61.9 MPH)
|
|
Batting: RHB Carlos Armenteros
|
0-0: Fly out, F7 (Line Drive, 78M, EV 87.5 MPH)
|
| Top of the 4th over - 0 runs, 1 hit, 0 errors, 1 left on base; Toledo 1 - Salt Lake 3 |
| BOTTOM OF THE 4TH |
|
Salt Lake Bees batting - Pitching for Toledo Mud Hens : RHP Ramiro Silva
|
|
Batting: RHB Brandon Davis
|
0-0: Ball 1-0: SOLO HOME RUN (Flyball, 78XD, EV 107.5 MPH), Distance : 417 ft
|
|
Batting: RHB Josh Faulconer
|
0-0: Ball 1-0: Ball 2-0: Ball 3-0: Base on Balls
|
|
DELAY
|
Rain delay of 31 minutes in the 4th inning.
|
|
Batting: RHB Timoleon Tsikouna
|
0-0: Called Strike 0-1: Ball 1-1: Ball 2-1: Ball 3-1: Grounds out, U3 (Groundball, 3L, EV 103.1 MPH)
|
|
Batting: LHB Larry Prey
|
0-0: Reached on error, E6 (Groundball, 6M, EV 86.2 MPH) Josh Faulconer to third
|
|
Batting: RHB Kian-tat Chen
|
0-0: Called Strike 0-1: Ball 1-1: Foul Ball, location: 2F 1-2: Strikes out swinging
|
|
Batting: LHB Brett Bugge
|
0-0: Called Strike 0-1: Ball 1-1: Fly out, F8 (Flyball, 89M, EV 78.8 MPH)
|
| Bottom of the 4th over - 1 run, 1 hit, 1 error, 2 left on base; Toledo 1 - Salt Lake 4 |
| TOP OF THE 5TH |
|
Toledo Mud Hens batting - Pitching for Salt Lake Bees : RHP Dave Jackson
|
|
Batting: SHB Scott Bartholomew
|
0-0: Ground out 4-3 (Groundball, 34, EV 100.6 MPH)
|
|
Batting: RHB Sam Saunders
|
0-0: Ball 1-0: Ball 2-0: Ground out 6-3 (Groundball, 6M, EV 80.6 MPH)
|
|
Batting: RHB Willis Morales
|
0-0: Called Strike 0-1: Foul Ball, location: 2F 0-2: Ball 1-2: Ground out U3 (Groundball, 13, EV 81.2 MPH)
|
| Top of the 5th over - 0 runs, 0 hits, 0 errors, 0 left on base; Toledo 1 - Salt Lake 4 |
| BOTTOM OF THE 5TH |
|
Salt Lake Bees batting - Pitching for Toledo Mud Hens : RHP Ramiro Silva
|
|
Batting: SHB Mario Padron
|
0-0: Ground out U3 (Groundball, 3, EV 101.2 MPH)
|
|
Batting: RHB Ryuji Ito
|
0-0: Ball 1-0: Ball 2-0: SINGLE (Groundball, 34D, EV 98.1 MPH)
|
|
Batting: RHB Jimmy Buzard
|
0-0: Swinging Strike 0-1: Foul Ball, location: 2F 0-2: Ball 1-2: Ball 2-2: Foul Ball, location: 2F 2-2: Strikes out looking
|
|
Batting: RHB Brandon Davis
|
0-0: Ball 1-0: Foul Ball, location: 2F 1-1: Called Strike 1-2: Ball 2-2: SINGLE (Groundball, 6MD, EV 103.8 MPH) Ryuji Ito to second Runner from 2nd tries for 3rd, SAFE, throw by CF made to third
|
|
Pitching: RHP Nate Mull
|
|
|
Batting: RHB Josh Faulconer
|
0-0: Ball 1-0: Foul Ball, location: 2F 1-1: Ball 2-1: Fielders Choice at 2nd, 6-4 (Groundball, 56, EV 105.6 MPH)
|
| Bottom of the 5th over - 0 runs, 2 hits, 0 errors, 2 left on base; Toledo 1 - Salt Lake 4 |
| TOP OF THE 6TH |
|
Toledo Mud Hens batting - Pitching for Salt Lake Bees : RHP Dave Jackson
|
|
Batting: RHB Michel Martineau
|
0-0: Ball 1-0: Ball 2-0: Ball 3-0: Called Strike 3-1: Base on Balls
|
|
Batting: RHB Sergio Zamora
|
0-0: Ball 1-0: Ball 2-0: Foul Ball, location: 2F 2-1: Foul Ball, location: 2F 2-2: Foul Ball, location: 2F 2-2: Foul Ball, location: 2F 2-2: Ball 3-2: Fly out, F7 (Flyball, 7LM, EV 90.6 MPH)
|
|
Pitching: RHP Danny Nava
|
|
|
Batting: RHB Eric Garrett
|
0-0: Ball Michel Martineau steals 2nd base (no throw) 1-0: Ball 2-0: Ball 3-0: Base on Balls
|
|
Batting: RHB Tony Soto
|
0-0: Ball 1-0: Reached on error, E5 (Groundball, 56S, EV 91.9 MPH) Michel Martineau to third Eric Garrett to second
|
|
Batting: RHB Adam MacConnell
|
0-0: Ball 1-0: Grounds into fielders choice 4-2 (Groundball, 4, EV 102.5 MPH) Eric Garrett to third Tony Soto to second
|
|
Batting: RHB Carlos Armenteros
|
0-0: Ball 1-0: Ball 2-0: TRIPLE (Flyball, 9D, EV 96.2 MPH) Eric Garrett scores Tony Soto scores Adam MacConnell scores
|
|
Batting: SHB Scott Bartholomew
|
0-0: Ball 1-0: Ball 2-0: Called Strike 2-1: Foul Ball, location: 2F 2-2: Strikes out swinging
|
| Top of the 6th over - 3 runs, 1 hit, 1 error, 1 left on base; Toledo 4 - Salt Lake 4 |
| BOTTOM OF THE 6TH |
|
Salt Lake Bees batting - Pitching for Toledo Mud Hens : RHP Nate Mull
|
|
Batting: RHB Timoleon Tsikouna
|
0-0: Ball 1-0: Ball 2-0: Ball 3-0: Base on Balls
|
|
Batting: LHB Larry Prey
|
0-0: Fielders Choice at 2nd, 2-4 (Groundball, 15S, EV 65.6 MPH)
|
|
Batting: RHB Kian-tat Chen
|
0-0: Ball 1-0: Called Strike 1-1: Foul Ball, location: 2F 1-2: Ball 2-2: Ball 3-2: Base on Balls Larry Prey to second
|
|
Batting: LHB Brett Bugge
|
0-0: Ball 1-0: Ball 2-0: Foul Ball, location: 2F 2-1: Foul Ball, location: 2F 2-2: Fielders Choice at 2nd, 4-6 (Groundball, 4D, EV 106.9 MPH) Larry Prey to third
|
|
Batting: SHB Mario Padron
|
0-0: Called Strike 0-1: Swinging Strike 0-2: Ball 1-2: Strikes out looking
|
| Bottom of the 6th over - 0 runs, 0 hits, 0 errors, 2 left on base; Toledo 4 - Salt Lake 4 |
| TOP OF THE 7TH |
|
Toledo Mud Hens batting - Pitching for Salt Lake Bees : RHP Danny Nava
|
|
Pitching: RHP Luis Cabrera
|
|
|
Batting: RHB Sam Saunders
|
0-0: Swinging Strike 0-1: Swinging Strike 0-2: Strikes out swinging
|
|
Batting: RHB Willis Morales
|
0-0: Called Strike 0-1: Foul Ball, location: 2F 0-2: Ball 1-2: Strikes out looking
|
|
Batting: RHB Michel Martineau
|
0-0: Ball 1-0: Foul Ball, location: 2F 1-1: Swinging Strike 1-2: Strikes out swinging
|
| Top of the 7th over - 0 runs, 0 hits, 0 errors, 0 left on base; Toledo 4 - Salt Lake 4 |
| BOTTOM OF THE 7TH |
|
Salt Lake Bees batting - Pitching for Toledo Mud Hens : RHP Nate Mull
|
|
Pitching: RHP Ruben Arana
|
|
|
Batting: RHB Ryuji Ito
|
0-0: Ball 1-0: Ball 2-0: Ball 3-0: Called Strike 3-1: Foul Ball, location: 2F 3-2: Strikes out swinging
|
|
Batting: RHB Jimmy Buzard
|
0-0: Called Strike 0-1: Ball 1-1: SINGLE (Groundball, 6D, EV 105.0 MPH)
|
|
Batting: RHB Brandon Davis
|
0-0: Ball 1-0: Foul Ball, location: 2F 1-1: Ball 2-1: Swinging Strike 2-2: Ground out 5-3 (Groundball, 56S, EV 81.9 MPH) Jimmy Buzard to second
|
|
Batting: RHB Josh Faulconer
|
0-0: DOUBLE (Line Drive, 7LS, EV 106.2 MPH) Jimmy Buzard scores
|
|
Batting: RHB Timoleon Tsikouna
|
0-0: Reached on error, E4 (Groundball, 4M, EV 81.9 MPH) Josh Faulconer to third
|
|
Batting: LHB Larry Prey
|
0-0: Ball 1-0: Swinging Strike 1-1: Foul Ball, location: 2F 1-2: Ground out 4-3 (Groundball, 4, EV 101.2 MPH)
|
| Bottom of the 7th over - 1 run, 2 hits, 1 error, 2 left on base; Toledo 4 - Salt Lake 5 |
| TOP OF THE 8TH |
|
Toledo Mud Hens batting - Pitching for Salt Lake Bees : RHP Luis Cabrera
|
|
Batting: RHB Sergio Zamora
|
0-0: Ball 1-0: Ball 2-0: Called Strike 2-1: Foul Ball, location: 2F 2-2: Foul Ball, location: 2F 2-2: Ball 3-2: Strikes out looking
|
|
Pinch Hitting: SHB Richello Badua
|
0-0: Called Strike 0-1: Swinging Strike 0-2: Strikes out looking
|
|
Batting: RHB Tony Soto
|
0-0: Swinging Strike 0-1: Swinging Strike 0-2: Strikes out looking
|
| Top of the 8th over - 0 runs, 0 hits, 0 errors, 0 left on base; Toledo 4 - Salt Lake 5 |
| BOTTOM OF THE 8TH |
|
Salt Lake Bees batting - Pitching for Toledo Mud Hens : RHP Ruben Arana
|
|
Now in LF: Richello Badua
|
|
|
Now in CF: Sam Saunders
|
|
|
Batting: RHB Kian-tat Chen
|
0-0: Called Strike 0-1: Called Strike 0-2: Ground out 6-3 (Groundball, 56, EV 104.4 MPH)
|
|
Batting: LHB Brett Bugge
|
0-0: Ball 1-0: Called Strike 1-1: Foul Ball, location: 2F 1-2: Strikes out looking
|
|
Batting: SHB Mario Padron
|
0-0: Called Strike 0-1: SINGLE (Line Drive, 7S, EV 93.1 MPH)
|
|
Batting: RHB Ryuji Ito
|
0-0: Foul Ball, location: 2F 0-1: Foul Ball, location: 2F 0-2: Strikes out swinging
|
| Bottom of the 8th over - 0 runs, 1 hit, 0 errors, 1 left on base; Toledo 4 - Salt Lake 5 |
| TOP OF THE 9TH |
|
Toledo Mud Hens batting - Pitching for Salt Lake Bees : RHP Luis Cabrera
|
|
Pitching: LHP Vinny Zavala
|
|
|
Batting: RHB Adam MacConnell
|
0-0: Called Strike 0-1: Ball 1-1: Swinging Strike 1-2: Foul Ball, location: 2F 1-2: Fly out, F8 (Flyball, 8RD, EV 82.5 MPH)
|
|
Batting: RHB Carlos Armenteros
|
0-0: Called Strike 0-1: Foul Ball, location: 2F 0-2: SINGLE (Groundball, 4M, EV 86.9 MPH) (infield hit)
|
|
Pinch Hitting: RHB Josh Lyon
|
0-0: Called Strike 0-1: Swinging Strike 0-2: Ball 1-2: Strikes out looking
|
|
Batting: RHB Sam Saunders
|
0-0: Ball 1-0: Called Strike 1-1: Called Strike 1-2: Strikes out swinging
|
| Top of the 9th over - 0 runs, 1 hit, 0 errors, 1 left on base; Toledo 4 - Salt Lake 5 |
|